 Dungeon Crawl Stone Soup version 0.23.2-33-g5129a83184 (webtiles) character file.

Game seed: 6935518862487167707

195 Exodus22XD the Magician (level 5, -2/28 HPs)
             Began as a Deep Elf Wizard on July 2, 2019.
             Killed by nerve-wracking pain
             ... invoked by Grinder
              (9 damage)
             ... on level 3 of the Dungeon.
             The game lasted 00:15:40 (2551 turns).

Exodus22XD the Magician (Deep Elf Wizard)           Turns: 2551, Time: 00:15:40

Health: -2/28      AC:  3    Str:  4    XL:     5   Next: 45%
Magic:  0/13       EV: 13    Int: 28    God:
Gold:   54         SH:  0    Dex: 13    Spells: 4/12 levels left

rFire    . . .     SeeInvis .   f - +0 hand axe
rCold    . . .     Gourm    .   (no shield)
rNeg     . . .     Faith    .   a - +0 robe
rPois    +         Spirit   .   b - +0 hat
rElec    .         Reflect  .   (no cloak)
rCorr    .         Harm     .   j - +0 pair of gloves
MR       .....                  (no boots)
Stlth    ++........             (no amulet)
HPRegen  0.09/turn              e - ring of poison resistance
MPRegen  0.13/turn              i - +4 ring of intelligence

@: no status effects
A: no striking features
a: no special abilities


You were on level 3 of the Dungeon.
You were not hungry.

You visited 1 branch of the dungeon, and saw 3 of its levels.

You collected 54 gold pieces.

Inventory:

Hand Weapons
 f - a +0 hand axe (weapon)
Armour
 a - a +0 robe (worn)
 b - a +0 hat (worn)
 j - a +0 pair of gloves (worn)
Jewellery
 e - a ring of poison resistance (left hand)
 i - a +4 ring of intelligence (right hand)
 k - an uncursed ring of flight {unknown}
Scrolls
 c - 3 scrolls of identify {unknown}
 g - 2 scrolls of remove curse {unknown}
 h - a scroll of blinking {unknown}
 o - a scroll of magic mapping {unknown}
 p - a scroll of noise {unknown}
Potions
 l - a potion of curing {unknown}
 m - 2 potions of might {unknown}
 n - a potion of brilliance {unknown}
Comestibles
 d - 2 rations


   Skills:
 - Level 2.4 Dodging
 - Level 2.4 Stealth
 - Level 4.4 Spellcasting
 - Level 3.0 Conjurations
 - Level 3.0 Summonings
 + Level 2.7 Translocations
 - Level 3.1 Fire Magic


You had 4 spell levels left.
You knew the following spells:

 Your Spells              Type           Power        Failure   Level  Hunger
a - Magic Dart            Conj           ###.         1%          1    None
b - Call Imp              Summ           ###.....     3%          2    None
c - Blink                 Tloc           N/A          3%          2    None
d - Conjure Flame         Conj/Fire      ###.....     6%          3    ##.....

Your spell library contained the following spells:

 Spells                   Type           Power        Failure   Level  Hunger
 Slow                     Hex            #.......     11%         2    None
 Mephitic Cloud           Conj/Pois/Air  ##......     14%         3    ##.....


Dungeon Overview and Level Annotations

Branches:
Dungeon (3/15)

Altars:
The Shining One

Annotations:
D:3 Grinder


Message History

Grinder blinks!
Grinder is too close now for your liking.
What are your orders? t - Shout!
Orders for allies: a - Attack new target. p - Attack previous target. r - Retreat! s - Stop attacking. g - Guard the area. f - Follow me.
Anything else - Cancel.
Gang up on whom?
Press: ? - help, Dir - move target cursor, f/p - Grinder
Aim: Grinder (severely wounded) Attack!
Your iron imp barely misses Grinder.
Your iron imp hits Grinder!
You see here a +0 giant spiked club.
Casting: Call Imp (safe; 3% risk of failure)
Confirm with . or Enter, or press ? or * to list all spells.
A beastly little devil appears in a puff of flame.
Grinder gestures at you. Pain shoots through your body!
You die...

### #<# #5# #@# #)#
#.# ##5##
#...###########
#......5..†...#
#...#..8..#...#####
#...##...##.......#
##..#######.......#


You could see Grinder and a friendly crimson imp.

Vanquished Creatures
  An ogre (D:3)
  2 adders
  An ooze (D:1)
  A dart slug (D:3)
  4 orcs (D:3)
  3 giant cockroaches
  8 goblins (D:2)
  5 hobgoblins
  3 jackals (D:1)
  2 kobolds
  A quokka (D:2)
  8 bats
  2 frilled lizards (D:2)
  2 rats
43 creatures vanquished.

Vanquished Creatures (collateral kills)
  Robin (D:2)
  3 adders
  2 worms (D:2)
  A leopard gecko (D:2)
  A giant cockroach (D:2)
  A goblin (D:2)
  A kobold (D:2)
  A frilled lizard (D:2)
  3 rats (D:2)
14 creatures vanquished.

Grand Total: 57 creatures vanquished

Notes
Turn   | Place    | Note
-------+----------+-------------------------------------------
     0 | D:1      | Exodus22XD the Deep Elf Wizard began the quest for the Orb.
     0 | D:1      | Reached XP level 1. HP: 10/10 MP: 7/7
   332 | D:1      | Reached XP level 2. HP: 15/15 MP: 5/9
  1097 | D:2      | Learned a level 2 spell: Call Imp
  1136 | D:2      | Reached XP level 3. HP: 14/19 MP: 1/10
  1512 | D:2      | Found a glowing golden altar of the Shining One.
  1512 | D:2      | Noticed Robin
  1517 | D:2      | Learned a level 2 spell: Blink
  1542 | D:2      | Killed Robin
  1658 | D:2      | Reached XP level 4. HP: 24/24 MP: 3/12
  1914 | D:3      | Learned a level 3 spell: Conjure Flame
  1917 | D:3      | Noticed Grinder
  2066 | D:3      | Noticed an ogre
  2099 | D:3      | Killed an ogre
  2099 | D:3      | Reached XP level 5. HP: 28/28 MP: 0/13
  2409 | D:3      | Paralysed by Grinder for 3 turns
  2551 | D:3      | Killed from afar by Grinder

Skill      XL: |  1  2  3  4 |
---------------+-------------+-----
Conjurations   | 2 3 |  3.0
Summonings     | 3 |  3.0
Translocations | 2 |  2.7
Fire Magic     | 3 |  3.1
Dodging        | |  2.4
Stealth        | |  2.4
Spellcasting   | |  4.4

Action                   |  1- 3 |  4- 6 || total
-------------------------+-------+-------++-------
Melee: Hand axe          |    12 |    15 ||    27
 Cast: Magic Dart        |    55 |    60 ||   115
       Call Imp          |    10 |     9 ||    19
       Conjure Flame     |       |     3 ||     3
       Blink             |       |     1 ||     1
  Eat: Chunk             |     2 |     3 ||     5
Armor: Robe              |    11 |     1 ||    12
Dodge: Dodged            |    33 |    17 ||    50
